 Dungeon Crawl Stone Soup version 0.30-a0-371-gad7725a93e (webtiles) character file.

Game seed: 9929660562946427472

142 ryw the Trooper (level 5, -2/46 HPs)
             Began as a Demonspawn Warper on Nov 20, 2022.
             Succumbed to a goblin's poison
             ... on level 2 of the Dungeon.
             The game lasted 00:08:20 (2044 turns).

ryw the Trooper (Demonspawn Warper)                 Turns: 2044, Time: 00:08:20

Health: -2/46      AC:  4    Str: 13    XL:     5   Next: 3%
Magic:  12/12      EV: 13    Int: 15    God:
Gold:   133        SH:  0    Dex: 12    Spells: 9/14 levels left

rFire   . . .      SeeInvis .      - Unarmed
rCold   . . .      Faith    .    (no shield)
rNeg    . . .      Spirit   .    a - +0 leather armour
rPois   .          Reflect  .    i - +0 helmet
rElec   .          Harm     .    (no cloak)
rCorr   .          Rampage  .    (no gloves)
Will    .....                    (no boots)
Stlth   +.........               b - amulet of regeneration
HPRegen 1.07/turn                (no ring)
MPRegen 0.13/turn                (no ring)

@: lethally poisoned (-2 -> -20)
A: foul stench 1, sturdy frame 1, demonic magic 1
a: no special abilities


You were on level 2 of the Dungeon.
You visited 1 branch of the dungeon, and saw 3 of its levels.

You collected 133 gold pieces.

Inventory:

Hand Weapons
 e - a +1 dagger of freezing
Armour
 a - a +0 leather armour (worn)
 d - a +0 chain mail
 i - a +0 helmet (worn)
Jewellery
 b - an amulet of regeneration (around neck)
Scrolls
 g - 2 scrolls of immolation {unknown}
Potions
 c - a potion of attraction
 j - a potion of mutation


   Skills:
 + Level 5.8 Fighting
 - Level 0.8 Throwing
 - Level 0.8 Armour
 + Level 5.3 Dodging
 - Level 2.0 Unarmed Combat
 + Level 5.4 Spellcasting
 + Level 0.3 Summonings
 - Level 5.5 Translocations


You had 9 spell levels left.
You knew the following spells:

 Your Spells              Type           Power      Damage    Failure   Level
a - Blink                 Tloc           40%        N/A       2%          2
b - Call Canine Familiar  Summ           4%         N/A       41%         3

Your spell library contained the following spells:

 Spells                   Type           Power      Damage    Failure   Level
 Lesser Beckoning         Tloc           40%        N/A       4%          3
 Teleport Other           Tloc           20%        N/A       4%          3
 Portal Projectile        Hex/Tloc       24%        N/A       16%         3
 Vhi's Electric Charge    Tloc/Air       24%        N/A       16%         3
 Manifold Assault         Tloc           20%        N/A       16%         4
 Hailstorm                Conj/Ice       4%         3d4       43%         3
 Ice Form                 Ice/Tmut       4%         N/A       85%         4
 Leda's Liquefaction      Hex/Erth       2%         N/A       85%         4
 Blade Hands              Tmut           2%         N/A       99%         5
 Irradiate                Conj/Tmut      2%         3d12      99%         5
 Simulacrum               Ice/Necr       2%         N/A       100%        6
 Dragon Form              Tmut           2%         N/A       100%        7


Dungeon Overview and Level Annotations

Branches:
Dungeon (3/15)

Altars:
Okawaru

Annotations:
D:2 Robin


Innate Abilities, Weirdness & Mutations

You may rarely emit foul miasma when damaged in melee.
Your movements are slightly less encumbered by armour. (ER -2)
Spells you cast may paralyse adjacent enemies.


Message History

You kill the goblin!
You hit Robin but do no damage. Robin misses you. The hobgoblin hits you.
You hit Robin.
Robin is lightly wounded.
Robin misses you. The hobgoblin closely misses you. x2
You hit Robin.
Robin is moderately wounded.
Robin throws the goblin at you! The goblin hits you but does no damage.
The hobgoblin closely misses you. The hobgoblin barely misses you.
You hit Robin but do no damage.
Robin is moderately wounded.
Robin barely misses you.
The goblin hits you with a +2 dagger of venom.
You are poisoned.
The hobgoblin hits you.
The hobgoblin hits you but does no damage.
You closely miss Robin.
Robin is moderately wounded.
You feel sick. Robin hits you with a +0 whip.
The goblin hits you but does no damage.
You are more poisoned.
The hobgoblin closely misses you. The hobgoblin misses you.
The hobgoblin attacks as you move away! The hobgoblin hits you.
Robin attacks as you move away! Robin closely misses you.
You feel very sick.
The goblin hits you with a +2 dagger of venom.
You are more poisoned.
The hobgoblin hits you.
You see here a +1 dagger of freezing.
e - a +1 dagger of freezing
* * * LOW HITPOINT WARNING * * *
You feel very sick. Robin throws the goblin at you!
* * * LOW HITPOINT WARNING * * *
The goblin hits you but does no damage.
You are more poisoned.
The hobgoblin hits you.
* * * LOW HITPOINT WARNING * * *
The hobgoblin attacks as you move away! The hobgoblin closely misses you.
You die...

......#.....#.#.##......##.#..###
............#.#.#######..#.##....
......#.....#.#.# ##...###...
....####........## ###..###....
#.### #.##......# #...........
#.# ##.##......#####.....#.##..
#.# #....#..#..)gg.<.......##..
#.# #....##...g.gg..(......##.#
#.# #....#....@#####...........
#.# #....................#.##..
#.# #.>....###.#...............
#.### #....####............######
....# #....# #............# #
....###..### #...........## #
........## ####........# #
....##### #........# # ....#
########## #


You could see Robin, 3 hobgoblins and a goblin (strong).

Vanquished Creatures
  Terence (D:2)
  An adder (D:1)
  4 dart slugs
  5 endoplasms
  2 giant cockroaches (D:1)
  9 goblins
  2 hobgoblins (D:1)
  6 kobolds
  A quokka (D:1)
  3 ball pythons
  5 bats (D:1)
  4 frilled lizards
  A rat (D:2)
44 creatures vanquished.

Notes
Turn   | Place    | Note
-------+----------+-------------------------------------------
     0 | D:1      | ryw the Demonspawn Warper began the quest for the Orb.
     0 | D:1      | Reached XP level 1. HP: 16/16 MP: 3/3
   173 | D:1      | Gained mutation: Your movements are slightly less
                  | encumbered by armour. (ER -2) [demonic ancestry]
   173 | D:1      | Reached XP level 2. HP: 17/22 MP: 5/5
   900 | D:2      | Noticed Terence
   997 | D:2      | Gained mutation: You may rarely emit foul miasma when
                  | damaged in melee. [demonic ancestry]
   997 | D:2      | Reached XP level 3. HP: 28/28 MP: 6/6
  1288 | D:2      | Found an iron altar of Okawaru.
  1407 | D:2      | Learned a level 2 spell: Blink
  1463 | D:2      | Noticed Robin
  1721 | D:1      | Reached skill level 5 in Fighting
  1721 | D:1      | Reached skill level 5 in Dodging
  1721 | D:1      | Reached skill level 5 in Spellcasting
  1721 | D:1      | Reached skill level 5 in Translocations
  1721 | D:1      | Reached XP level 4. HP: 16/40 MP: 7/11
  1856 | D:2      | Learned a level 3 spell: Call Canine Familiar
  1990 | D:2      | Killed Terence
  1991 | D:2      | Gained mutation: Spells you cast may paralyse adjacent
                  | enemies. [demonic ancestry]
  1991 | D:2      | Reached XP level 5. HP: 21/46 MP: 12/12
  2044 | D:2      | Succumbed to a goblin's poison

Illustrated notes

Levels and vault maps discovered:
D:1:      heliophobic_arrival_enchanted_forest, layout_basic, minmay_cut_off
D:2:      layout_rooms, basic_altar, uniq_robin, uniq_terence
D:3:      gammafunk_wand_slinger, layout_basic, serial_shops,
          nicolae_lakefront_shop, serial_bayou_ford_a

Skill      XL: |  1  2  3 |
---------------+----------+-----
Dodging        | 2 5 |  5.3
Unarmed Combat | 2 |  2.0
Fighting       | 5 |  5.8
Spellcasting   | 5 |  5.4
Translocations | 5 |  5.5
Throwing       | |  0.8
Armour         | |  0.8
Summonings     | |  0.3

Action                   |  1- 3 |  4- 6 || total
-------------------------+-------+-------++-------
Melee: Unarmed           |   213 |    70 ||   283
       Punch             |     6 |       ||     6
Throw: Boomerang         |     7 |       ||     7
  Use: Scroll            |     4 |     1 ||     5
       Potion            |     5 |       ||     5
Armor: Leather armour    |    84 |    13 ||    97
Dodge: Dodged            |   157 |    45 ||   202

Table legend: (Time is in decaauts)
 A = Elapsed time spent in this place.
 B = Non-inter-level travel time spent in this place.
 C = Inter-level travel time spent in this place.
 D = Time resting spent in this place.
 E = Time spent auto-exploring this place.
 F = Levels seen in this place.
 G = Mean time per level.
                   A        B        C        D        E       F      G
               +--------+--------+--------+--------+--------+-----+--------+
         Total |   2039 |   1798 |    241 |    233 |    897 |   3 |  679.7 |
       Dungeon |   2039 |   1798 |    241 |    233 |    897 |   3 |  679.7 |
               +--------+--------+--------+--------+--------+-----+--------+

Top non-repeatable levels by time:
     D:1: 1195 daAuts
     D:2: 840 daAuts
     D:3: 3 daAuts
